 Dungeon Crawl Stone Soup version 0.23-a0-370-gf497b7c (webtiles) character file.

7509 Amnesiac the Immaculate (level 10, -3/49 HPs)
             Began as a Spriggan Monk on Oct 24, 2018.
             Was a High Priest of Zin.
             Slain by an orc
             ... wielding a +0 club
              (5 damage)
             ... on level 9 of the Dungeon.
             The game lasted 00:40:05 (12747 turns).

Amnesiac the Immaculate (Spriggan Monk)            Turns: 12747, Time: 00:40:06

Health: -3/49      AC:  2    Str: 11    XL:     10   Next: 95%
Magic:  28/28      EV: 31    Int: 17    God:    Zin [*****.]
Gold:   186        SH:  3    Dex: 25    Spells: 9/9 levels left

rFire    . . .     SeeInvis +   j - +3 rapier (elec)
rCold    . . .     Gourm    .   (shield restricted)
rNeg     . . .     Faith    .   h - +0 robe
rPois    ∞         Spirit   .   (helmet restricted)
rElec    .         Reflect  +   (no cloak)
rCorr    .         Harm     .   (gloves unavailable)
MR       +....                  (boots unavailable)
Stlth    ++++++....             x - +3 amulet of reflection
HPRegen  0.16/turn              d - ring of stealth
MPRegen  0.21/turn              k - ring of magical power

@: vitalised, very quick
A: very small, unfitting armour, see invisible, herbivore, speed 3, slow
metabolism 2
a: Recite, Vitalisation, Imprison, Sanctuary, Donate Gold, Renounce Religion


You were on level 9 of the Dungeon.
You worshipped Zin.
Zin was extremely pleased with you.
You were not hungry.

You visited 2 branches of the dungeon, and saw 11 of its levels.
You also visited: Bailey.

You collected 503 gold pieces.
You donated 317 gold pieces to Zin.

Inventory:

Hand Weapons
 b - a +0 blowgun
 j - a +3 rapier of electrocution (weapon)
 q - a +0 hunting sling
Missiles
 m - 138 stones (quivered)
 p - 18 poisoned needles
Armour
 h - a +0 robe (worn)
Jewellery
 d - a ring of stealth (left hand)
 k - a ring of magical power (right hand)
 l - an uncursed ring of positive energy
 u - a +6 ring of dexterity
 x - a +3 amulet of reflection (around neck)
Wands
 a - a wand of paralysis (10)
 f - a wand of disintegration (8)
 n - a wand of enslavement (42)
 o - a wand of flame (14)
 y - a wand of iceblast (10)
 D - a wand of digging (14)
 I - a wand of acid (3)
Scrolls
 g - 2 scrolls of fog {!r}
 i - 3 scrolls of amnesia {!r}
 r - 2 scrolls of identify {!r}
 s - 3 scrolls of teleportation {!r}
 B - 3 scrolls of remove curse {!r}
 C - 3 scrolls of immolation {!r}
 G - 3 scrolls of enchant armour {!r}
Potions
 e - 4 potions of flight {!q}
 t - a potion of brilliance {!q}
 H - a potion of cancellation {!q}
Miscellaneous
 J - a crystal ball of energy
Comestibles
 c - 9 rations


   Skills:
 - Level 3.0 Fighting
 * Level 9.1 Short Blades
 + Level 11.0 Dodging
 + Level 9.1 Stealth
 * Level 11.1 Invocations
 - Level 5.0 Evocations


You had 9 spell levels left.
You didn't know any spells.
Your spell library contained the following spells:

 Spells                   Type           Power        Failure   Level  Hunger
 Summon Small Mammal      Summ           #...         24%         1    ##.....
 Call Imp                 Summ           #.......     34%         2    ###....
 Call Canine Familiar     Summ           #.......     56%         3    ####...
 Summon Guardian Golem    Hex/Summ       #.......     56%         3    ####...
 Summon Ice Beast         Ice/Summ       #.......     93%         4    #####..
 Summon Lightning Spire   Summ/Air       #.......     93%         4    #####..


Dungeon Overview and Level Annotations

Branches:
Dungeon (10/15)            Temple (1/1) D:5            Lair (0/6) D:8
    Orc: D:9-12

Altars:
Ashenzari
Cheibriados
Dithmenos
Elyvilon
Fedhas
Gozag
Hepliaklqana
Kikubaaqudgha
Makhleb
Nemelex Xobeh
Okawaru
Qazlal
Ru
Sif Muna
Trog
Uskayaw
Vehumet
Wu Jian
Xom
Yredelemnul
Zin
The Shining One

Shops:
D:5 *


Innate Abilities, Weirdness & Mutations

You are very small and have problems with some larger weapons.
You are too small for most types of armour.
You have supernaturally acute eyesight. (SInv)
You are a herbivore.
You cover ground extremely quickly.
You need to consume almost no food.


Message History

A hungry ghost comes into view.
An adder skeleton comes into view.
You hear an angry buzzing noise.
You hear an angry buzzing noise. x2
You see here a wand of disintegration (8).
f - a wand of disintegration (8)
You hear an angry buzzing noise. x3
An ogre comes into view. It is wielding a +0 giant club.
The ogre shouts!
You hear an angry buzzing noise. x2
A killer bee comes into view.
You hear an angry buzzing noise. x2
You hear an angry buzzing noise. x2
You see here 13 gold pieces.
You pay a tithe of 1 gold.
You now have 186 gold pieces (gained 12).
You hear an angry buzzing noise.
The troll shouts!
You hear an angry buzzing noise.
You hear an angry buzzing noise. x2
A killer bee and an ogre come into view.
You hear an angry buzzing noise. x2
A centaur comes into view.
You are ready to recite again.
You hear an angry buzzing noise.
The centaur moves out of view.
The killer bee buzzes angrily.
You hear an angry buzzing noise.
A centaur comes into view. It is wielding a +0 long sword.
The centaur shouts!
You hear a bark!
You hear a shout!
The centaur unwields a +0 long sword.
The centaur wields a +0 shortbow.
The centaur shoots an arrow.
The arrow hits you! Zin protects you from harm!
Found a robe.
You see here an arrow.
The centaur shoots an arrow.
You reflect the arrow off an invisible shield around you!
The arrow hits the centaur!
You hear an angry buzzing noise. x2
The centaur unwields a +0 shortbow.
The centaur wields a +0 long sword.
The centaur completely misses you.
The orc shouts!
You hit the centaur but do no damage.
The centaur is heavily wounded.
You hear a shout!
You hear an angry buzzing noise. x2
You hit the centaur but do no damage.
The centaur is heavily wounded.
The centaur hits you but does no damage.
A worker ant comes into view.
You hear an angry buzzing noise.
The centaur hits you with a +0 long sword!
Zin protects you from harm!
You hit the centaur.
The centaur is heavily wounded.
The centaur completely misses you.
You puncture the centaur!
The centaur is almost dead.
You hear an angry buzzing noise.
The ogre hits you with a +0 giant club!
* * * LOW HITPOINT WARNING * * *
The centaur completely misses you. The ice beast misses you.
You hit the centaur. Lightning courses through the centaur!
You kill the centaur!
You hear an angry buzzing noise. x2
You block the ice beast's attack. The ogre completely misses you.
The orc hits you with a +0 club.
You die...

# .... ##.# .....
....# ..... ####
[.... ......
..#...... ......
#.#......
......##@..♣...
......)h.o......
......OYT.......
...####y#.......
..Y......##y#.......
..........OW#.......
...........o##......
...........# ......
###.....y##.##......


You could see a troll, a hungry ghost, an ice beast, 2 ogres, a hound, 2 killer
bees and 2 orcs.

Vanquished Creatures
  A two-headed ogre (D:8)
  An orc knight (Bailey)
  An elephant (D:8)
  A troll (D:9)
  4 hippogriffs
  2 basilisks (D:8)
  2 humans (D:6)
  A water moccasin (D:8)
  12 orc warriors
  3 sky beasts
  An ice beast (D:6)
  A black bear (D:6)
  5 ogres
  2 centaurs
  7 bullfrogs
  3 scorpions
  14 killer bees
  5 crimson imps
  A bullfrog zombie (D:5)
  A quasit (D:8)
  A jelly (D:5)
  5 orc priests
  6 orc wizards
  6 iguanas
  3 worker ants (D:4)
  A hound skeleton (D:4)
  A worker ant zombie (D:7)
  18 adders
  A howler monkey skeleton (D:8)
  A shadow imp (D:8)
  2 oozes
  An adder zombie (D:7)
  An adder skeleton (D:5)
  7 worms
  10 dart slugs
  9 leopard geckos
  35 orcs
  9 giant cockroaches
  7 goblins
  7 hobgoblins
  11 jackals
  7 kobolds
  6 quokkas
  A ball python (D:3)
  9 bats
  5 frilled lizards
  A giant cockroach zombie (D:6)
  A leopard gecko skeleton (D:5)
  9 rats
249 creatures vanquished.

Vanquished Creatures (others)
  An orc (Bailey)
  A fungus (D:8)
2 creatures vanquished.

Grand Total: 251 creatures vanquished

Notes
Turn   | Place    | Note
-------+----------+-------------------------------------------
     0 | D:1      | Amnesiac the Spriggan Monk began the quest for the Orb.
     0 | D:1      | Reached XP level 1. HP: 11/11 MP: 2/2
   238 | D:1      | Reached XP level 2. HP: 5/16 MP: 3/3
   533 | D:2      | Reached skill level 5 in Dodging
   808 | D:2      | Found a blossoming altar of Fedhas.
   808 | D:2      | Found an ornate altar of the Wu Jian Council.
   808 | D:2      | Found a shadowy altar of Dithmenos.
  1014 | D:2      | Reached XP level 3. HP: 15/19 MP: 4/4
  1279 | D:3      | Noticed an ogre
  1679 | D:3      | Killed an ogre
  1679 | D:3      | Reached XP level 4. HP: 23/23 MP: 5/5
  1806 | D:3      | Reached XP level 5. HP: 27/27 MP: 6/6
  1876 | D:3      | Reached skill level 5 in Short Blades
  1886 | D:3      | Reached skill level 5 in Stealth
  1986 | D:5      | Entered Level 5 of the Dungeon
  1986 | D:5      | Noticed an ogre
  1993 | D:5      | Killed an ogre
  2011 | D:5      | Found a staircase to the Ecumenical Temple.
  2017 | Temple   | Entered the Ecumenical Temple
  2141 | Temple   | Became a worshipper of Zin the Law-Giver
  2141 | Temple   | Reached * piety under Zin
  2141 | Temple   | Reached ** piety under Zin
  2221 | D:5      | Reached XP level 6. HP: 28/32 MP: 7/7
  2968 | D:2      | Donated 46 gold pieces to Zin
  2969 | D:2      | Donated 23 gold pieces to Zin
  2970 | D:2      | Donated 11 gold pieces to Zin
  2971 | D:2      | Donated 6 gold pieces to Zin
  2972 | D:2      | Donated 3 gold pieces to Zin
  2973 | D:2      | Donated 1 gold piece to Zin
  3058 | D:3      | Found a basalt altar of Yredelemnul.
  3077 | D:3      | Found a snail-covered altar of Cheibriados.
  3646 | D:4      | Reached *** piety under Zin
  3665 | D:4      | Reached XP level 7. HP: 33/35 MP: 8/8
  5088 | D:5      | Reached **** piety under Zin
  5358 | D:5      | Reached XP level 8. HP: 39/39 MP: 9/9
  5380 | D:5      | Reached skill level 1 in Invocations
  5726 | D:5      | Reached skill level 1 in Evocations
  6108 | D:5      | Donated 90 gold pieces to Zin
  6109 | D:5      | Donated 45 gold pieces to Zin
  6110 | D:5      | Donated 22 gold pieces to Zin
  6111 | D:5      | Donated 11 gold pieces to Zin
  6112 | D:5      | Donated 6 gold pieces to Zin
  6113 | D:5      | Donated 3 gold pieces to Zin
  6154 | D:5      | Found Aloin's Elemental Accessories.
  6465 | D:5      | Found a glowing golden altar of the Shining One.
  6830 | D:6      | Found a shimmering altar of Xom.
  6836 | D:6      | Reached ***** piety under Zin
  7145 | D:6      | Reached skill level 5 in Invocations
  7348 | D:6      | Reached XP level 9. HP: 28/44 MP: 14/14
  7651 | D:7      | You fall through a shaft for 3 floors!
  7651 | D:10     | Entered Level 10 of the Dungeon
  7840 | D:8      | Reached skill level 5 in Evocations
  8323 | D:7      | Found a flagged portal.
  8336 | Bailey   | Entered a bailey
 10104 | Bailey   | Noticed an orc knight
 10199 | Bailey   | Killed an orc knight
 10199 | Bailey   | Reached XP level 10. HP: 49/49 MP: 18/18
 11208 | D:8      | Noticed an elephant
 11241 | D:8      | Found a staircase to the Lair.
 11260 | D:8      | Reached skill level 10 in Invocations
 11285 | D:8      | Reached skill level 10 in Dodging
 11326 | D:8      | Noticed a two-headed ogre
 11906 | D:8      | Identified a scroll of acquirement {!r}
 11944 | D:8      | Killed a two-headed ogre
 11966 | D:8      | Zin protects you from harm!
 12262 | D:8      | Killed an elephant
 12738 | D:9      | Zin protects you from harm!
 12743 | D:9      | Zin protects you from harm!
 12745 | D:9      | HP: 2/49 [ogre/+0 giant club (12)]
 12747 | D:9      | Slain by an orc

Vault maps used:
D:1:      scummos_arrival_checkerplants, minmay_pentomino_w2
D:2:      minitemple, first_ration, serial_bayou_lake_a
D:3:      nicolae_overflow_crystal_walls, overflow_temple_1_default
D:5:      kennysheep_slugbush, tso_metal_star, minmay_temple_entry_metal_lava,
          nicolae_elemental_shop
D:6:      basic_altar, minmay_ruffians
D:7:      enter_bailey_2
D:8:      david_lair_generic, kennysheep_generic_room_4
D:9:      david_orc_3, chequers_mini_garden, david_nohive_1
D:10:     serial_aquarium, aquarium_bridge_square, aquarium_bridge_square,
          aquarium_window_1, aquarium_window_1, aquarium_view_2b,
          aquarium_pool_corner
Temple:   eino_temple_rhombus
Bailey:   bailey_polearm_2, bailey

Skill      XL: |  1  2  3  4  5  6  7  8  9 10 |
---------------+-------------------------------+-----
Dodging        | 5 6 7 8 9 11 | 11.0
Stealth        | 4 5 6 7 8 9 |  9.1
Short Blades   | 4 5 6 7 8 9 |  9.1
Invocations    | 5 9 11 | 11.1
Evocations     | 4 5 |  5.0
Fighting       | 3 |  3.0

Action                   |  1- 3 |  4- 6 |  7- 9 | 10-12 || total
-------------------------+-------+-------+-------+-------++-------
Melee: Short sword       |   131 |   297 |   403 |    68 ||   899
       Dagger            |    12 |    21 |   147 |   114 ||   294
       Rapier            |       |       |       |   133 ||   133
 Fire: Hunting sling     |    20 |       |       |       ||    20
       Blowgun           |       |       |   295 |    50 ||   345
Invok: Donate Gold       |       |     6 |     6 |       ||    12
       Recite            |       |       |    27 |    11 ||    38
       Vitalisation      |       |       |       |     3 ||     3
Evoke: Wand              |       |       |    11 |    10 ||    21
  Use: Scroll            |     4 |       |     4 |    10 ||    18
       Potion            |     1 |       |     5 |     5 ||    11
 Stab: Sleeping          |     7 |    23 |    13 |     2 ||    45
       Distracted        |     1 |       |       |     1 ||     2
       Invisible         |       |       |     7 |       ||     7
       Paralysed         |       |       |     1 |       ||     1
       Confused          |       |       |       |     1 ||     1
  Eat: Ration            |       |     3 |     4 |       ||     7
Armor: Robe              |    21 |     9 |    21 |    12 ||    63
       Skin              |       |       |    18 |       ||    18
Dodge: Dodged            |   172 |   229 |   446 |   294 ||  1141
Block: Other             |       |       |    48 |    28 ||    76
       Reflection        |       |       |     5 |     1 ||     6

Table legend:
 A = Non-vault XP
 B = Vault XP
 C = Vault XP percentage of total XP
 D = Non-vault monster count
 E = Vault monster count
 F = Vault count percentage of total count
                 A         B        C        D         E       F
            +---------+---------+-------+---------+---------+-------
      Total |    6627 |    4101 |  38.2 |     199 |      51 |  20.4
            +---------+---------+-------+---------+---------+-------
        D:1 |      35 |       4 |  10.3 |      22 |       2 |   8.3
        D:2 |      64 |       0 |   0.0 |      16 |       0 |   0.0
        D:3 |     208 |       0 |   0.0 |      40 |       0 |   0.0
        D:4 |     534 |       0 |   0.0 |      27 |       0 |   0.0
        D:5 |    1084 |      36 |   3.2 |      35 |       9 |  20.5
        D:6 |     714 |     384 |  35.0 |      13 |       2 |  13.3
        D:7 |     963 |       0 |   0.0 |      12 |       0 |   0.0
        D:8 |    2619 |    1275 |  32.7 |      31 |       6 |  16.2
        D:9 |     406 |     293 |  41.9 |       3 |       7 |  70.0
     Bailey |       0 |    2109 | 100.0 |       0 |      25 | 100.0
            +---------+---------+-------+---------+---------+-------
